AoeStats
← xyz

MegaRandom

509187714Analyzed
4v4 RM · 5d ago on Sep 25, 2026· 28m 28s· 8 players
Game mode
Random Map
Map size
Large (8 player)
Population
200
Speed
Normal
Resources
Standard
Victory
Conquest
Starting age
Dark Age
Ending age
Imperial Age
RankedLock teamsTeams togetherTeam positionsShared explorationLock speedFull tech treeHidden civsTurbo modeCheats
Victory
Defeat
🇩🇪 Britons · Germany
1093
+13
🇹🇷 Danes · Türkiye
1079
+14
🇩🇪 Armenians · Germany
1060
+15
🇹🇷 Saxons · Türkiye
1013
+17
🇵🇪 Varangians · Peru
1037
-15
🇫🇷 Berbers · France
1035
-15
🇱🇹 Vikings · Lithuania
1032
-15
🇫🇷 Mongols · France
1012
-14
stasaitis
11:28 Feudal Age
12:20 Loom
16:10 Castle Age
14:09 Horse Collar
14:59 Double-Bit Axe
15:57 Scale Mail Armor
17:37 Squires
20:32 Fletching
21:24 Chain Mail Armor
23:40 Gold Mining
23:43 Stone Mining
24:43 Forging
25:59 Iron Casting
25:11 Arson
26:54 Bodkin Arrow
ZeuSDeaD
11:59 Feudal Age
10:15 Loom
Kazunoa
8:07 Loom
11:27 Feudal Age
16:06 Bloodlines
20:12 Castle Age
18:03 Double-Bit Axe
17:59 Horse Collar
0204isaias
9:03 Loom
14:20 Feudal Age
16:09 Wheelbarrow
15:04 Man-at-Arms
15:55 Double-Bit Axe
16:40 Bloodlines
Leonidas
9:13 Loom
11:01 Feudal Age
11:58 Double-Bit Axe
12:14 Man-at-Arms
25:47 Castle Age
25:02 Horse Collar
25:25 Fletching
25:41 Scale Barding Armor
28:18 Bodkin Arrow
xyz
5:31 Loom
8:54 Loom
12:38 Feudal Age
13:08 Double-Bit Axe
13:07 Horse Collar
18:27 Wheelbarrow
21:08 Castle Age
20:06 Gold Mining
21:01 Forging
21:01 Scale Mail Armor
20:48 Arson
20:28 Man-at-Arms
21:56 Squires
21:33 Long Swordsman
22:46 Bow Saw
23:06 Heavy Plow
24:30 Gambesons
26:40 Chain Mail Armor
28:47 Iron Casting
Randomly10
1:27 Loom
10:34 Feudal Age
11:25 Double-Bit Axe
16:43 Padded Archer Armor
17:27 Fletching
23:29 Castle Age
22:32 Gold Mining
22:32 Stone Mining
22:39 Horse Collar
23:52 Wheelbarrow
23:36 Crossbowman
25:52 Leather Archer Armor
25:33 Bodkin Arrow
27:21 Ballistics
TopicKilleR
8:32 Loom
11:37 Feudal Age
12:45 Man-at-Arms
13:28 Long Swordsman
13:55 Arson
18:15 Horse Collar
18:23 Double-Bit Axe
21:03 Gold Mining
26:35 Castle Age
27:20 Castle Age
25:56 Forging
25:47 Scale Mail Armor
27:23 Two-Handed Swordsman
27:48 Gambesons
29:20 Iron Casting
29:01 Chain Mail Armor
28:18 Champion
Connection lost

Rejoining the realm…

Still unreachable

The connection could not be restored.

Session expired

The server has moved on; the page needs a fresh start.